 Dungeon Crawl Stone Soup version 0.14-a0-882-gdff4d47 (webtiles) character file.

1841 JacquesDerrida the Cleaver (level 8, -8/69 HPs)
             Began as a Hill Orc Gladiator on Nov 16, 2013.
             Was a Believer of Beogh.
             Mangled by a merfolk
             ... wielding a +2,+2 elven spear
              (15 damage)
             ... on Level 7 of the Dungeon on Nov 17, 2013.
             The game lasted 00:14:31 (5430 turns).

JacquesDerrida the Cleaver (Hill Orc Gladiator)     Turns: 5430, Time: 00:14:31

HP  -8/69        AC  8     Str 18      XL: 8   Next: 97%
MP   1/7         EV 10     Int 10      God: Beogh [**....]
Gold 215         SH  0     Dex 11      Spells:  0 memorised,  7 levels left

Res.Fire  : + . .   See Invis. : .   t - +3 war axe (chop)
Res.Cold  : . . .   Warding    : .   K - +0 ring mail (curse)
Life Prot.: . . .   Conserve   : .   (no shield)
Res.Poison: .       Res.Corr.  : .   c - +1 orc helmet
Res.Elec. : .       Clarity    : .   (no cloak)
Sust.Abil.: . .     Spirit.Shd : .   (no gloves)
Res.Mut.  : .       Stasis     : .   (no boots)
Res.Rott. : .       Flight     : .   (no amulet)
Saprovore : + . .                    G - ring of protection from fire
                                     h - ring of invisibility

@: slightly resistant to hostile enchantments, extremely unstealthy
A: +10% hp, saprovore 1
a: Smiting, Renounce Religion, Evoke Invisibility


You were on level 7 of the Dungeon.
You worshipped Beogh.
Beogh was pleased with you.
You were very hungry.

You visited 1 branch of the dungeon, and saw 7 of its levels.

You collected 215 gold pieces.

Inventory:

Hand weapons
 a - a +0,+0 orcish hand axe
 e - a +0,+1 hand axe of flaming
 t - a +3,+3 war axe of chopping (weapon)
Missiles
 d - 3 throwing nets (quivered)
 B - 2 needles of paralysis
Armour
 b - a +0 orcish leather armour
 c - a +1 orcish helmet (worn)
 K - a cursed +0 ring mail (worn)
Magical devices
 k - a wand of paralysis (18)
 s - a wand of teleportation (3)
Comestibles
 f - 3 meat rations
 n - 5 bread rations
 q - 2 apples
 u - a choko
 v - a rambutan
 x - 10 sultanas
 J - a pear
Scrolls
 j - a scroll of enchant armour
 o - a scroll of enchant weapon I
 p - a scroll of magic mapping
 r - a scroll of blinking {unknown}
 w - 5 scrolls of identify
 y - 3 scrolls of remove curse
 A - a scroll of recharging {unknown}
 D - a scroll of curse weapon {unknown}
 H - a scroll of fear {unknown}
Jewellery
 h - a ring of invisibility (left hand)
 C - a +1 ring of evasion
 G - a ring of protection from fire (right hand)
Potions
 g - a potion of mutation {unknown}
 i - a potion of slowing {unknown}
 l - a potion of resistance {unknown}
 m - 2 potions of curing {unknown}
 z - a potion of might
 E - 2 potions of agility {unknown}
 F - a potion of speed {unknown}


   Skills:
 - Level 2.4 Fighting
 * Level 13.0 Axes
 - Level 2.0 Throwing
 + Level 4.9 Armour
 - Level 2.4 Dodging


You had 7 spell levels left.
You didn't know any spells.

Dungeon Overview and Level Annotations

Branches:
Dungeon (7/16)             Temple (0/1) D:6             Orc (0/4) D:7

Altars:
Fedhas
Makhleb
Okawaru
Sif Muna
Trog
Xom
Zin

Portals:
Ziggurat: D:5 (3490 gp) D:7 (6380 gp)


Innate Abilities, Weirdness & Mutations

You can tolerate rotten meat.
You are robust (+10% HP).


Message History

You fail to use your ability.
The merfolk hits you from afar with an elven spear.
* * * LOW HITPOINT WARNING * * *
Use which ability? (? or * to list)
Aiming: Smiting
Press: ? - help, Dir - move target cursor, f - merfolk Smite: a merfolk, wielding an elven spear (moderately wounded)
You smite the merfolk!
The merfolk is heavily wounded.
You feel somewhat more hungry.
The merfolk hits you but does no damage.
Use which ability? (? or * to list)
Aiming: Smiting
Press: ? - help, Dir - move target cursor, f/p - merfolk Smite: a merfolk, wielding an elven spear (heavily wounded)
You smite the merfolk!
The merfolk is severely wounded.
You are feeling very hungry.
The merfolk hits you from afar with an elven spear!
You die...

##...####...####(########
####### #.o.....(........
......###)..####.########
#####...#...# #.#
#...##.### #.# #........#
#o# #...##.#.# #m#
#...##.#.# #.# #...##.#.#
#@# ##.###.#.# #.# #.#
#.#.# #.# #.# #.#.# #.#
#.# #.#.# #.# #.###.#.#
#l# ######.##....# #.#
........#....# #.#
...<....#....###.#


You could see a merfolk, an orc and a giant gecko.

Vanquished Creatures
  A black bear (D:7)
  2 centaurs
  An ice beast (D:6)
  2 ogres (D:4)
  Duvessa (D:5)
  2 giant frogs (D:6)
  Dowan (D:5)
  3 crimson imps
  A big fish (D:7)
  A water moccasin zombie (D:6)
  3 scorpions
  An orc priest (D:7)
  2 hounds
  5 orc wizards
  2 iguanas (D:4)
  5 worker ants
  4 gnolls (D:3)
  5 adders
  A giant mite (D:3)
  4 worms
  2 giant geckos
  An ooze (D:4)
  32 orcs
  A ball python (D:2)
  15 bats
  A bat zombie (D:6)
  5 goblins
  11 hobgoblins
  4 jackals
  11 kobolds
  4 quokkas
  6 giant cockroaches
  A giant gecko zombie (D:6)
  9 giant newts
  14 rats
164 creatures vanquished.

Vanquished Creatures (others)
  An orc (D:5)
1 creature vanquished.

Grand Total: 165 creatures vanquished

Notes
Turn   | Place    | Note
--------------------------------------------------------------
     0 | D:1      | JacquesDerrida, the Hill Orc Gladiator, began the quest for the Orb.
     0 | D:1      | Reached XP level 1. HP: 18/18 MP: 0/0
   173 | D:1      | Reached XP level 2. HP: 25/25 MP: 1/1
   514 | D:1      | Reached skill level 5 in Axes
   810 | D:2      | HP: 1/25 [worm (8)]
   813 | D:2      | Reached XP level 3. HP: 1/30 MP: 2/2
  1651 | D:3      | Reached skill level 6 in Axes
  1831 | D:3      | Found a glowing silver altar of Zin.
  1909 | D:3      | Reached XP level 4. HP: 36/38 MP: 3/3
  1917 | D:3      | HP: 1/38 [gnoll/flail (6)]
  2181 | D:3      | Reached skill level 7 in Axes
  2444 | D:4      | Reached XP level 5. HP: 27/44 MP: 4/4
  2535 | D:4      | Reached skill level 8 in Axes
  2802 | D:4      | Reached XP level 6. HP: 39/50 MP: 5/5
  2904 | D:4      | Noticed an ogre
  2912 | D:4      | Killed an ogre
  2912 | D:4      | Reached skill level 9 in Axes
  2992 | D:4      | Found a deep blue altar of Sif Muna.
  3127 | D:4      | Noticed an ogre
  3135 | D:4      | Killed an ogre
  3368 | D:5      | Entered Level 5 of the Dungeon
  3368 | D:5      | Found a bloodstained altar of Trog.
  3375 | D:5      | Reached skill level 10 in Axes
  3375 | D:5      | Reached XP level 7. HP: 51/57 MP: 6/6
  3399 | D:5      | Found a gateway to a ziggurat.
  3606 | D:5      | Noticed Duvessa
  3611 | D:5      | Noticed Dowan
  3841 | D:5      | Reached skill level 1 in Armour
  3967 | D:5      | Became a worshipper of Beogh the Brigand
  4064 | D:5      | Gained mutation: You are robust (+10% HP). [potion of beneficial mutation]
  4076 | D:5      | Killed Duvessa
  4076 | D:5      | Reached skill level 11 in Axes
  4079 | D:5      | Killed Dowan
  4267 | D:5      | Found a shimmering altar of Xom.
  4354 | D:6      | Reached XP level 8. HP: 51/69 MP: 7/7
  4556 | D:6      | Acquired Beogh's first power
  4584 | D:6      | Found a staircase to the Ecumenical Temple.
  4591 | D:6      | Found a shimmering altar of Xom.
  4681 | D:6      | Reached skill level 12 in Axes
  4688 | D:6      | Found an iron altar of Okawaru.
  5012 | D:6      | Found a blossoming altar of Fedhas.
  5031 | D:6      | Found a burning altar of Makhleb.
  5151 | D:7      | Found a gateway to a ziggurat.
  5226 | D:7      | Found a staircase to the Orcish Mines.
  5303 | D:7      | Acquired Beogh's second power
  5382 | D:7      | Reached skill level 13 in Axes
  5430 | D:7      | Mangled by a merfolk

Action                   |  1- 3 |  4- 6 |  7- 9 || total
-------------------------+-------+-------+-------++-------
Melee: Hand axe          |    88 |       |       ||    88
       War axe           |    14 |   107 |   210 ||   331
Invok: Convert to Beogh  |       |       |     1 ||     1
       Smiting           |       |       |     2 ||     2
Evoke: Wand              |     1 |       |     2 ||     3
  Use: Scroll            |     2 |     8 |     2 ||    12
       Potion            |     1 |     2 |     2 ||     5
 Stab: Paralysed         |       |       |     2 ||     2
